 Dungeon Crawl Stone Soup version 0.28.0-53-g5a82cb258f (webtiles) character file.

Game seed: 11201196654534322323

13915 Peloso the Carver (level 11, -3/96 (99) HPs)
             Began as a Minotaur Fighter on June 28, 2022.
             Was a High Priest of Okawaru.
             Slain by a komodo dragon (21 damage)
             ... on level 1 of the Lair of Beasts.
             The game lasted 00:26:33 (11318 turns).

Peloso the Carver (Minotaur Fighter)               Turns: 11318, Time: 00:26:34

HP:   -3/96 (99)    AC: 27    Str: 25    XL:     11   Next: 81%
MP:   8/10          EV: 11    Int:  5    God:    Okawaru [*****.]
Gold: 135           SH:  8    Dex: 15    Spells: 10/10 levels left

rFire   + + .      SeeInvis .   a - +2 scimitar (flame)
rCold   + . .      Faith    .   c - +0 buckler
rNeg    . . .      Spirit   .   t - +4 plate armour {rC+}
rPois   .          Reflect  .   (helmet restricted)
rElec   .          Harm     .   E - +0 cloak
rCorr   .          Rampage  .   p - +0 pair of gloves
Will    +....                   H - +1 pair of boots "Captevesm" {rF+ Str+2 Dex+3 Stlth+}
Stlth   +.........              (no amulet)
HPRegen 0.26/turn               y - ring of willpower
MPRegen 0.12/turn               B - ring of protection from fire

@: lethally poisoned (-3 -> -6), heroic, lightly drained
A: horns 2, retaliatory headbutt
a: Renounce Religion, Heroism, Finesse, Duel


You were on level 1 of the Lair of Beasts.
You worshipped Okawaru.
Okawaru was extremely pleased with you.
You visited 3 branches of the dungeon, and saw 12 of its levels.

You collected 489 gold pieces.
You spent 354 gold pieces at shops.

Inventory:

Hand Weapons
 a - a +2 scimitar of flaming (weapon)
 b - a +0 long sword
Missiles
 g - 3 throwing nets (quivered)
Armour
 c - a +0 buckler (worn)
 p - a +0 pair of gloves (worn)
 t - a +4 plate armour of cold resistance (worn)
 E - a +0 cloak (worn)
 H - the +1 pair of boots "Captevesm" (worn) {rF+ Str+2 Dex+3 Stlth+}
   (You bought it in a shop on level 6 of the Dungeon)

   Str:       It affects your strength (+2).
   Dex:       It affects your dexterity (+3).
   rF:        It protects you from fire.
   Stlth:     It makes you more stealthy.
Jewellery
 s - a ring of positive energy
 y - a ring of willpower (left hand)
 B - a ring of protection from fire (right hand)
Wands
 i - a wand of mindburst (12)
 j - a wand of iceblast (9)
 u - a wand of flame (6)
 x - a wand of paralysis (11)
 G - a wand of acid (7)
Scrolls
 e - 3 scrolls of amnesia
 h - 2 scrolls of teleportation
 k - 3 scrolls of noise
 l - a scroll of enchant armour {unknown}
 m - 2 scrolls of enchant weapon
 o - 3 scrolls of blinking {unknown}
 q - 2 scrolls of magic mapping
 w - 4 scrolls of fog
 C - 3 scrolls of fear
 J - a scroll of silence
Potions
 d - 2 potions of might
 f - a potion of invisibility
 n - a potion of heal wounds
 r - a potion of cancellation
 v - 3 potions of brilliance
 z - 2 potions of curing
 A - 2 potions of mutation
 D - a potion of ambrosia
 F - 3 potions of flight


   Skills:
 + Level 10.1(15.1) Fighting
 + Level 14.0(19.0) Long Blades
 + Level 11.6(16.6) Armour
 + Level 3.6(8.6) Dodging
 + Level 3.8(8.8) Stealth
 + Level 8.8(13.8) Shields
 + Level 0.8 Invocations
 + Level 2.7 Evocations


You had 10 spell levels left.
You didn't know any spells.
Your spell library contained the following spells:

 Spells                   Type           Power      Damage    Failure   Level
 Freeze                   Ice            0%         1d3       99%         1
 Sandblast                Erth           0%         2d4       99%         1
 Corpse Rot               Necr/Air       0%         N/A       99%         2
 Passwall                 Tmut/Erth      0%         N/A       99%         2
 Sublimation of Blood     Necr           0%         N/A       99%         2
 Frozen Ramparts          Ice            0%         1d2       100%        3
 Stone Arrow              Conj/Erth      0%         3d7       100%        3
 Anguish                  Hex/Necr       0%         N/A       100%        4
 Dispel Undead            Necr           0%         3d6       100%        4
 Hailstorm                Conj/Ice       0%         3d3       100%        4
 Petrify                  Tmut/Erth      0%         N/A       100%        4
 Irradiate                Conj/Tmut      0%         3d13      100%        5
 Enfeeble                 Hex            0%         N/A       100%        7
 Tukima's Dance           Hex            Unusable   N/A       N/A         3
 Death Channel            Necr           Unusable   N/A       N/A         6

Dungeon Overview and Level Annotations

Branches:
Dungeon (10/15)            Temple (1/1) D:6            Lair (1/6) D:10
    Orc: D:9-12

Altars:
Ashenzari
Cheibriados
Dithmenos
Elyvilon
Fedhas
Gozag
Hepliaklqana
Kikubaaqudgha
Makhleb
Nemelex Xobeh
Okawaru
Qazlal
Ru
Sif Muna
Trog
Uskayaw
Vehumet
Wu Jian
Xom
Zin
The Shining One

Shops:
D:4 [![*   D:5 ?   D:6 *   D:9 (


Innate Abilities, Weirdness & Mutations

You have a pair of horns on your head.
You reflexively headbutt those who attack you in melee.


Message History

The cane toad is moderately wounded.
The cane toad stings you.
You are poisoned.
The cane toad poisons you!
You closely miss the cane toad. You headbutt the cane toad!
The cane toad is severely wounded.
You feel very sick. You block the komodo dragon's attack.
The cane toad stings you but does no damage.
You hit the cane toad. You burn the cane toad.
Your headbutt misses the cane toad.
The cane toad is severely wounded.
You feel very sick. The komodo dragon bites you! The cane toad stings you!
You hit the cane toad but do no damage.
The cane toad is severely wounded.
You feel very sick. You block the cane toad's attack.
Unknown command.
You barely miss the cane toad. You headbutt the cane toad.
The cane toad is almost dead.
You feel sick. The komodo dragon bites you!
* * * LOW HITPOINT WARNING * * *
Unknown command.
You feel very sick.
The cane toad stings you but does no damage.
There is a staircase back to the Dungeon, spattered with blood here.
You feel sick.
You feel sick.
Found a scratched copper ring.
You feel sick.
You hit the komodo dragon but do no damage.
You headbutt the komodo dragon!
The komodo dragon is lightly wounded.
You feel sick. You block the komodo dragon's attack.
You closely miss the komodo dragon.
The komodo dragon is lightly wounded.
The komodo dragon barely misses you.
You gain the combat prowess of a mighty hero.
You feel sick. The komodo dragon bites you!!
You die...

... . ..
#.#....
..P...#
#.....#
...=..###
#....#
#.#@#
#.#l##
###.#F.#
#...<.##
####.#.#
......
.#####...
## ####


You could see a komodo dragon and a cane toad.

Vanquished Creatures
  Snorg (D:10)
  A boulder beetle (D:7)
  Harold (D:7)
  A centaur warrior (D:9)
  Erica (D:8)
  2 two-headed ogres
  Pikel (D:7)
  Maurice (D:8)
  Maggie (D:8)
  2 kobold demonologists
  A troll (D:8)
  A komodo dragon (D:8)
  The ghost of kalagan the Conjurer, a novice DECj of Sif Muna (D:6)
  A hornet (D:9)
  Grinder (D:5)
  A wyvern (D:9)
  3 yaks (D:9)
  A steam dragon (shapeshifter) (D:10)
  2 wraiths
  2 steam dragons
  2 acid dragons
  4 water moccasins
  2 sky beasts
  An ice beast (D:7)
  3 orc warriors
  2 black bears
  A hornet zombie (D:8)
  4 centaurs
  2 ogres
  The ghost of Acheron the Chopper, an amateur HuGl (D:3)
  3 phantoms
  3 kobold brigands
  10 bullfrogs
  A gnoll sergeant (D:9)
  4 scorpions
  A water moccasin zombie (D:6)
  12 killer bees
  5 wights
  A howler monkey (D:6)
  The ghost of notso the Sneak, a weakling KoDe of Uskayaw (D:6)
  5 centaur zombies
  A bullfrog zombie (D:5)
  A centaur skeleton (D:6)
  3 hounds
  3 orc priests
  A bullfrog skeleton (D:6)
  2 gnoll shamans
  5 iguanas
  9 orc wizards
  A hound zombie (D:5)
  A howler monkey skeleton (D:5)
  3 howler monkey zombies
  5 adders
  13 gnolls
  A shadow imp (D:6)
  2 white imps
  2 adder zombies (D:2)
  2 adder skeletons
  2 worms
  3 dart slugs
  25 orcs
  6 ball pythons
  A bat skeleton (D:2)
  2 bat zombies (D:2)
  5 endoplasms
  3 giant cockroaches
  7 goblins
  6 hobgoblins
  24 kobolds
  3 quokkas (D:1)
  3 ball python skeletons
  2 bats
  4 frilled lizards
  A giant cockroach zombie (D:2)
  5 rats
251 creatures vanquished.

Vanquished Creatures (others)
  29 fungi (D:10)
  31 plants
60 creatures vanquished.

Grand Total: 311 creatures vanquished

Notes
Turn   | Place    | Note
-------+----------+-------------------------------------------
     0 | D:1      | Peloso the Minotaur Fighter began the quest for the Orb.
     0 | D:1      | Reached XP level 1. HP: 19/19 MP: 0/0
   217 | D:1      | Reached XP level 2. HP: 27/27 MP: 1/1
  1025 | D:2      | Reached XP level 3. HP: 33/33 MP: 2/2
  1162 | D:2      | You fall into a shaft and drop 1 floor!
  1173 | D:3      | Found a faded altar of an unknown god.
  1226 | D:2      | Reached skill level 3 in Long Blades
  1957 | D:2      | Reached XP level 4. HP: 35/41 MP: 3/3
  2178 | D:3      | Found a transporter.
  2197 | D:3      | Found a transporter.
  2198 | D:3      | Noticed Acheron's ghost (amateur HuGl)
  2706 | D:3      | Reached skill level 4 in Long Blades
  3059 | D:4      | Noticed a scorpion
  3069 | D:4      | Killed a scorpion
  3070 | D:4      | Reached XP level 5. HP: 44/47 MP: 4/4
  3117 | D:4      | Found a large runed translucent door.
  3126 | D:4      | Reached skill level 5 in Armour
  3126 | D:4      | Reached skill level 1 in Dodging
  3205 | D:4      | Found Kiotuol's Elemental Accessories.
  3224 | D:4      | Reached skill level 5 in Long Blades
  3224 | D:4      | Reached XP level 6. HP: 47/55 MP: 5/5
  3349 | D:4      | Reached skill level 5 in Fighting
  3376 | D:4      | Reached XP level 7. HP: 39/61 MP: 6/6
  3420 | D:4      | Reached skill level 1 in Stealth
  3673 | D:4      | Found Juhaqod's Armour Shop.
  3720 | D:4      | Found a large runed translucent door.
  3754 | D:4      | Found Moez's Distillery.
  3760 | D:4      | Bought a potion of degeneration for 12 gold pieces
  3760 | D:4      | Bought a potion of curing for 36 gold pieces
  3769 | D:4      | Bought a potion of berserk rage for 60 gold pieces
  3796 | D:4      | Found Fecuxzyt's Armour Boutique.
  3956 | D:4      | Found a snail-covered altar of Cheibriados.
  3967 | D:4      | Found a white marble altar of Elyvilon.
  4018 | D:5      | Entered Level 5 of the Dungeon
  4019 | D:5      | Found Miav's Magic Scroll Emporium.
  4031 | D:4      | Reached skill level 6 in Long Blades
  4611 | D:5      | Reached skill level 7 in Long Blades
  4615 | D:5      | Noticed Grinder
  4622 | D:5      | Paralysed by Grinder for 6 turns
  4623 | D:5      | Reached XP level 8. HP: 42/70 MP: 7/7
  4632 | D:5      | Killed Grinder
  4633 | D:5      | Reached skill level 5 in Shields
  4965 | D:5      | Reached skill level 8 in Long Blades
  5428 | D:5      | Bought a scroll of magic mapping for 42 gold pieces
  5428 | D:5      | Bought a scroll of fog for 24 gold pieces
  5586 | D:6      | Found a runed translucent gate.
  5588 | D:6      | Found a runed translucent gate.
  5588 | D:6      | Found a runed translucent gate.
  5593 | D:6      | Noticed notso's ghost (weakling KoDe)
  5593 | D:6      | Noticed kalagan's ghost (novice DECj)
  5915 | D:6      | Reached skill level 9 in Long Blades
  5947 | D:6      | Found Cixehoppou's Assorted Antiques.
  6108 | D:6      | Noticed a two-headed ogre
  6113 | D:6      | Reached XP level 9. HP: 78/78 MP: 8/8
  6118 | D:6      | Killed a two-headed ogre
  6290 | D:6      | Found a staircase to the Ecumenical Temple.
  6295 | Temple   | Entered the Ecumenical Temple
  6330 | Temple   | Became a worshipper of Warmaster Okawaru
  6386 | D:6      | Reached skill level 10 in Long Blades
  6748 | D:6      | Found a hide-covered altar of Uskayaw.
  6916 | D:7      | Noticed Harold
  6929 | D:7      | Killed Harold
  6929 | D:7      | Reached * piety under Okawaru
  6952 | D:7      | Noticed a boulder beetle
  6967 | D:7      | Killed a boulder beetle
  6968 | D:7      | Reached skill level 11 in Long Blades
  6968 | D:7      | Reached skill level 1 in Evocations
  6968 | D:7      | Reached XP level 10. HP: 68/88 MP: 9/9
  7597 | D:8      | Reached ** piety under Okawaru
  7751 | D:8      | Noticed Pikel
  7766 | D:7      | Killed Pikel
  7803 | D:8      | Identified the +1 leather armour of Resonance {Harm rPois
                  | Int+2}
  7835 | D:8      | Noticed Maggie
  7837 | D:8      | Noticed Maurice
  7842 | D:8      | Killed Maggie
  7867 | D:8      | Killed Maurice
  7897 | D:8      | Identified the +6 mace of the Last Ears {venom, rC- Str+6
                  | Int+5}
  8006 | D:8      | Noticed Erica
  8093 | D:8      | Killed Erica
  8093 | D:8      | Reached *** piety under Okawaru
  8094 | D:8      | Reached skill level 12 in Long Blades
  8094 | D:8      | Reached skill level 10 in Armour
  8433 | D:8      | Found an opulent altar of Gozag.
  8875 | D:6      | Bought a pair of warped boots for 180 gold pieces
  8875 | D:6      | Identified the +1 pair of boots "Captevesm" {rF+ Str+2
                  | Dex+3 Stlth+} (You bought it in a shop on level 6 of the
                  | Dungeon)
  8981 | D:8      | Reached **** piety under Okawaru
  9026 | D:8      | Reached XP level 11. HP: 70/95 MP: 8/10
  9183 | D:9      | Noticed a two-headed ogre
  9187 | D:9      | Killed a two-headed ogre
  9560 | D:9      | Found Xokhout's Antique Weapon Shop.
  9572 | D:9      | Noticed a centaur warrior
  9589 | D:9      | Killed a centaur warrior
  9816 | D:9      | Reached skill level 13 in Long Blades
  9886 | D:9      | Identified the +4 leather armour "Gosistah" {Harm Regen+}
  9926 | D:9      | Reached ***** piety under Okawaru
 10162 | D:10     | Entered Level 10 of the Dungeon
 10428 | D:10     | Noticed Snorg
 10446 | D:10     | Killed Snorg
 10571 | D:10     | Received a gift from Okawaru
 10703 | D:10     | Found a staircase to the Lair.
 10710 | D:10     | Reached skill level 10 in Fighting
 11056 | D:3      | Killed Acheron's ghost
 11066 | D:3      | Identified the +4 war axe "Ciskeghe" {distort, +Blink rElec
                  | rF-}
 11178 | D:6      | Killed notso's ghost
 11188 | D:6      | Killed kalagan's ghost
 11189 | D:6      | Reached skill level 14 in Long Blades
 11302 | Lair:1   | Entered Level 1 of the Lair of Beasts
 11318 | Lair:1   | Slain by a komodo dragon

Illustrated notes

Levels and vault maps discovered:
D:1:      dpeg_arrival_houses_and_road, layout_loops_ring,
          grunt_decor_resistance, grunt_decor_fettered
D:2:      layout_loops_cross, serial_undead, serial_undead_d, serial_undead_a,
          serial_undead_d, serial_undead_a, serial_undead_c, serial_undead_c
D:3:      layout_loops_ring, gammafunk_ghost_arena,
          nicolae_ecumenical_oubliette, nicolae_concentric_dashed_squares_wild
D:4:      layout_basic, jmf_multi_god_temple2, serial_shops,
          nicolae_take_the_stairs, shop, nicolae_shop_statue_plus,
          nicolae_elemental_shop
D:5:      layout_basic, serial_shops, shop, uniq_grinder
D:6:      layout_loops_corners, nicolae_uskayaw_suspiria,
          minmay_temple_entry_gardened_gates, gammafunk_ghost_cemetery,
          serial_shops, kennysheep_mini_moat, st_stairs_8
D:7:      layout_rooms, roderic_lattice_a, uniq_harold
D:8:      layout_gridville, mainiacjoe_overflow_paths, uniq_erica, uniq_pikel,
          uniq_maggie, uniq_maurice
D:9:      minmay_s_stair_smasher, layout_cave_pools, serial_shops, shop_statue,
          kennysheep_generic_room_7
D:10:     layout_rooms, due_lair_maze_entry_diamond, mrwooster_statue_mirror,
          uniq_snorg
Temple:   compressed_dpeg_circular_temple
Lair:1:   layout_loops_ring, enter_volcano_1, nzn_sisyphean_effort,
          infiniplex_staircase_pool_2

Skill      XL: |  1  2  3  4  5  6  7  8  9 10 11 |
---------------+----------------------------------+-----
Fighting       | 4 5 6 7 8 10 | 10.1
Armour         | 4 5 6 7 9 10 11 | 11.6
Shields        | 4 5 6 7 8 |  8.8
Long Blades    | 3 4 5 7 9 11 12 14 | 14.0
Dodging        | 1 2 3 |  3.6
Stealth        | 1 2 3 |  3.8
Evocations     | 1 2 |  2.7
Invocations    | |  0.8

Action                   |  1- 3 |  4- 6 |  7- 9 | 10-12 || total
-------------------------+-------+-------+-------+-------++-------
Melee: Long sword        |    79 |    93 |   258 |    82 ||   512
       Headbutt          |    12 |     7 |    56 |    73 ||   148
       Scimitar          |       |       |       |   282 ||   282
Invok: Heroism           |       |       |       |     9 ||     9
Evoke: Wand              |       |     3 |     8 |    13 ||    24
  Use: Scroll            |     2 |     3 |     2 |     8 ||    15
       Potion            |     1 |       |     2 |       ||     3
 Stab: Paralysed         |       |       |     7 |       ||     7
Armor: Scale mail        |    34 |    43 |    16 |       ||    93
       Plate armour      |       |       |    99 |   217 ||   316
Dodge: Dodged            |    42 |    44 |    87 |   129 ||   302
Block: Buckler           |    19 |    20 |    67 |   114 ||   220
